AoeStats
← DAYMAN

Hill Fort

504119901Analyzed
3v3 RM · 27d ago on Sep 4, 2026· 68m 53s· 6 players
Game mode
Random Map
Map size
Normal (6 player)
Population
200
Speed
Normal
Resources
Standard
Victory
Conquest
Starting age
Dark Age
Ending age
Imperial Age
RankedLock teamsTeams togetherTeam positionsShared explorationLock speedFull tech treeHidden civsTurbo modeCheats
Victory
Defeat
🇺🇸 Saracens · United States
915
+11
🇹🇷 Spanish · Türkiye
859
+14
🇹🇷 Malians · Türkiye
809
+16
🇨🇦 Vietnamese · Canada
844
-15
🇨🇦 Cumans · Canada
835
-15
🇨🇦 Khmer · Canada
741
-11
Mindles
5:50 Loom
11:51 Feudal Age
12:48 Horse Collar
18:44 Castle Age
17:13 Double-Bit Axe
17:19 Gold Mining
17:56 Stone Mining
19:03 Fletching
20:11 Stone Shaft Mining
20:16 Wheelbarrow
20:42 Town Watch
21:13 Heavy Plow
22:42 Bow Saw
25:43 Hand Cart
27:51 Town Patrol
29:14 Crossbowman
32:00 Bodkin Arrow
32:06 Padded Archer Armor
33:05 Thumb Ring
33:39 Leather Archer Armor
36:16 Imperial Age
34:51 Ballistics
34:28 Murder Holes
36:27 Arbalester
37:30 Bracer
38:00 Ring Archer Armor
38:43 Chemistry
51:13 Squires
50:45 Pikeman
51:41 Forging
51:32 Scale Mail Armor
59:16 Chain Mail Armor
59:37 Iron Casting
60:04 Halberdier
62:53 Plate Mail Armor
DAYMAN
2:52 Loom
10:42 Feudal Age
13:06 Double-Bit Axe
14:46 Gold Mining
17:28 Wheelbarrow
17:54 Horse Collar
25:38 Castle Age
25:13 Stone Mining
25:38 Bloodlines
25:56 Scale Barding Armor
27:52 Husbandry
28:18 Hand Cart
32:07 Heavy Plow
36:32 Pikeman
42:00 Imperial Age
40:12 Elite Skirmisher
43:21 Chain Barding Armor
43:02 Scale Mail Armor
43:13 Forging
42:58 Elite Ballista Elephant
43:13 Halberdier
45:52 Crossbowman
58:45 Heavy Scorpion
Andre
9:43 Loom
11:29 Feudal Age
12:56 Double-Bit Axe
13:44 Horse Collar
15:27 Wheelbarrow
17:03 Gold Mining
19:04 Stone Mining
26:31 Castle Age
24:40 Man-at-Arms
25:21 Fletching
27:57 Bloodlines
27:07 Light Cavalry
29:32 Pikeman
31:23 Bodkin Arrow
34:26 Forging
34:17 Scale Mail Armor
40:32 Imperial Age
43:46 Elite Steppe Lancer
50:34 Padded Archer Armor
50:58 Scale Barding Armor
54:33 Onager
56:19 Steppe Husbandry
57:00 Heavy Plow
57:20 Hand Cart
58:27 Crop Rotation
60:10 Cavalier
62:42 Paladin
68:06 Chain Mail Armor
68:11 Chain Barding Armor
68:27 Iron Casting
68:08 Leather Archer Armor
Morias1stt
7:12 Loom
12:15 Feudal Age
12:48 Double-Bit Axe
19:45 Castle Age
19:02 Horse Collar
19:17 Stone Mining
19:20 Gold Mining
28:49 Ballistics
33:26 Imperial Age
31:00 Heavy Plow
32:14 Masonry
31:57 Town Watch
34:42 Elite Conquistador
42:36 Murder Holes
43:42 Chemistry
42:09 Elite Skirmisher
42:56 Thumb Ring
45:13 Padded Archer Armor
45:03 Fletching
45:24 Forging
45:19 Scale Barding Armor
48:10 Wheelbarrow
47:18 Light Cavalry
48:22 Bloodlines
48:17 Husbandry
48:42 Leather Archer Armor
49:24 Bow Saw
49:10 Hussar
64:39 Caravan
Dirty Harry
12:10 Feudal Age
22:15 Castle Age
20:05 Horse Collar
22:28 Gold Mining
22:29 Stone Mining
22:55 Bloodlines
25:23 Double-Bit Axe
33:34 Imperial Age
35:06 Bow Saw
36:44 Conscription
40:12 Wheelbarrow
41:35 Farimba
47:03 Elite Gbeto
47:50 Elite Skirmisher
48:37 Padded Archer Armor
52:37 Chemistry
51:59 Ballistics
54:32 Thumb Ring
55:31 Murder Holes
55:47 Fortified Wall
55:56 Leather Archer Armor
55:32 Fletching
55:31 Pikeman
57:58 Squires
60:56 Treadmill Crane
61:27 Masonry
62:25 Arson
Red Death
10:12 Feudal Age
10:45 Double-Bit Axe
10:53 Horse Collar
19:04 Castle Age
19:08 Scale Barding Armor
19:32 Forging
19:40 Light Cavalry
20:47 Town Watch
23:01 Wheelbarrow
23:37 Loom
23:49 Gold Mining
24:33 Bow Saw
26:47 Bloodlines
29:10 Chain Barding Armor
31:33 Hand Cart
31:26 Husbandry
37:24 Imperial Age
37:52 Gold Shaft Mining
39:25 Hoardings
41:22 Two-Man Saw
42:42 Heavy Camel Rider
44:56 Plate Barding Armor
44:34 Hussar
Connection lost

Rejoining the realm…

Still unreachable

The connection could not be restored.

Session expired

The server has moved on; the page needs a fresh start.